 Dungeon Crawl Stone Soup version 0.29-a0-472-ge5599a681e (webtiles) character file.

Game seed: 9332171521503595951

116 xian the Conjurer (level 4, -4/34 HPs)
             Began as a Draconian Conjurer on May 22, 2022.
             Slain by a gnoll
             ... wielding a +0 whip
              (5 damage)
             ... on level 3 of the Dungeon on May 23, 2022.
             The game lasted 00:08:23 (3389 turns).

xian the Conjurer (Draconian Conjurer)              Turns: 3389, Time: 00:08:24

Health: -4/34      AC:  5    Str:  9    XL:     4   Next: 69%
Magic:  2/8        EV: 12    Int: 20    God:
Gold:   128        SH:  0    Dex: 10    Spells: 6/9 levels left

rFire   . . .      SeeInvis .   d - +0 short sword
rCold   . . .      Faith    +   (no shield)
rNeg    . . .      Spirit   .   (body armour unavailable)
rPois   .          Reflect  .   (helmet restricted)
rElec   .          Harm     .   q - scarf {+Inv}
rCorr   .          Rampage  .   (no gloves)
Will    .....                   (no boots)
Stlth   ++........              m - amulet of faith
HPRegen 0.11/turn               (no ring)
MPRegen 0.11/turn               (no ring)

@: no status effects
A: AC +5, unfitting armour, cold-blooded
a: Evoke Invisibility


You were on level 3 of the Dungeon.
You visited 1 branch of the dungeon, and saw 3 of its levels.

You collected 128 gold pieces.

Inventory:

Hand Weapons
 d - a +0 short sword (weapon)
Armour
 q - a scarf of invisibility (worn)
Jewellery
 m - an amulet of faith (around neck)
Scrolls
 b - a scroll of teleportation {unknown}
 e - 3 scrolls of identify {unknown}
 h - a scroll of enchant armour {unknown}
 i - 2 scrolls of immolation {unknown}
 p - a scroll of magic mapping {unknown}
Potions
 a - a potion of magic
 c - 3 potions of resistance {unknown}
 f - a potion of mutation {unknown}
 g - 2 potions of haste {unknown}
 j - 4 potions of curing {unknown}
 k - a potion of lignification {unknown}
 l - a potion of degeneration {unknown}
 n - 4 potions of invisibility {unknown}
 o - a potion of might {unknown}


   Skills:
 + Level 0.4 Fighting
 + Level 1.1 Short Blades
 + Level 1.9 Dodging
 + Level 2.0 Stealth
 + Level 3.0 Spellcasting
 + Level 5.0 Conjurations


You had 6 spell levels left.
You knew the following spells:

 Your Spells              Type           Power      Damage    Failure   Level
a - Magic Dart            Conj           92%        1d7       1%          1
b - Searing Ray           Conj           46%        2d6       2%          2

Your spell library contained the following spells:

 Spells                   Type           Power      Damage    Failure   Level
 Dazzling Flash           Conj/Hex       26%        N/A       16%         3
 Fulminant Prism          Conj/Hex       6%         3d7       45%         4
 Iskenderun's Mystic Bla  Conj/Tloc      13%        2d5       45%         4


Dungeon Overview and Level Annotations

Branches:
Dungeon (3/15)

Altars:


Innate Abilities, Weirdness & Mutations

Your plain brown scales are hard. (AC +5)
You cannot fit into any form of body armour.
You are cold-blooded and may be slowed by cold attacks.


Message History

The gnoll is lightly wounded.
The gnoll barely misses you.
You closely miss the gnoll.
The gnoll is lightly wounded.
The gnoll hits you with a +0 whip.
You hit the gnoll.
Your tail-slap misses the gnoll.
The gnoll is moderately wounded.
The gnoll barely misses you.
You hit the gnoll.
The gnoll is severely wounded.
The gnoll closely misses you.
You hit the gnoll but do no damage.
The gnoll is severely wounded.
The gnoll barely misses you.
You closely miss the gnoll.
The gnoll is severely wounded.
The gnoll hits you with a +0 whip.
You hit the gnoll but do no damage.
The gnoll is severely wounded.
The gnoll hits you but does no damage.
You hit the gnoll but do no damage.
The gnoll is severely wounded.
The gnoll hits you with a +0 whip.
* * * LOW HITPOINT WARNING * * *
You barely miss the gnoll.
You tail-slap the gnoll, but do no damage.
The gnoll is severely wounded.
The gnoll barely misses you.
You hit the gnoll but do no damage.
The gnoll is severely wounded.
The gnoll closely misses you.
You barely miss the gnoll.
The gnoll is severely wounded.
The gnoll closely misses you.
You hit the gnoll.
The gnoll is almost dead.
The gnoll hits you with a +0 whip!
* * * LOW HITPOINT WARNING * * *
The gnoll hits you with a +0 whip.
You die...

............#[# #...
......<)....#)####### #...
.......................###
...................... #
.########............ #
#.##......... #
#.########### # #g# # #@#
########## #.###
.......... #...#
#########. ###.# #.
#.########### #.
#.....†.....# #.
###########.###. #.....
######


You could see a gnoll.

Vanquished Creatures
  Terence (D:2)
  2 gnolls (D:3)
  2 adders (D:3)
  A worm (D:2)
  4 ball pythons
  6 bats
  8 endoplasms
  2 giant cockroaches (D:2)
  4 goblins
  7 hobgoblins
  2 quokkas (D:1)
  3 frilled lizards
  2 kobolds
  2 rats
46 creatures vanquished.

Notes
Turn   | Place    | Note
-------+----------+-------------------------------------------
     0 | D:1      | xian the Draconian Conjurer began the quest for the Orb.
     0 | D:1      | Reached XP level 1. HP: 14/14 MP: 3/3
   593 | D:1      | Reached XP level 2. HP: 20/20 MP: 0/5
   975 | D:1      | Found a faded altar of an unknown god.
  1654 | D:2      | Reached XP level 3. HP: 11/26 MP: 1/6
  2404 | D:2      | Noticed Terence
  2467 | D:1      | Learned a level 2 spell: Searing Ray
  2485 | D:2      | Killed Terence
  2776 | D:3      | Reached XP level 4. HP: 33/33 MP: 2/7
  2889 | D:3      | Reached skill level 1 in Short Blades
  3323 | D:3      | Reached skill level 5 in Conjurations
  3389 | D:3      | HP: 1/34 [gnoll/+0 whip (7)]
  3389 | D:3      | Slain by a gnoll

Illustrated notes

Levels and vault maps discovered:
D:1:      co_arrival_random_square_maze, layout_rooms,
          ebering_ecumenical_altar_ruins
D:2:      layout_basic, uniq_terence
D:3:      layout_basic, eino_tiny_chamber, hangedman_decor_riveting,
          st_stairs_10, grunt_ministairs_1, minmay_misc_feat_chi,
          minmay_quantized

Skill      XL: |  1  2  3  4 |
---------------+-------------+-----
Stealth        | 2 |  2.0
Short Blades   | 1 |  1.1
Conjurations   | 5 |  5.0
Spellcasting   | 3 |  3.0
Fighting       | |  0.4
Dodging        | |  1.9

Action                   |  1- 3 |  4- 6 || total
-------------------------+-------+-------++-------
Melee: Unarmed           |     9 |       ||     9
       Tailslap          |     5 |     1 ||     6
       Short sword       |    29 |    15 ||    44
 Cast: Magic Dart        |    68 |    32 ||   100
       Searing Ray       |     1 |       ||     1
Armor: Skin              |    10 |     3 ||    13
Dodge: Dodged            |    17 |    12 ||    29

Table legend: (Time is in decaauts)
 A = Elapsed time spent in this place.
 B = Non-inter-level travel time spent in this place.
 C = Inter-level travel time spent in this place.
 D = Time resting spent in this place.
 E = Time spent auto-exploring this place.
 F = Levels seen in this place.
 G = Mean time per level.
                   A        B        C        D        E       F      G
               +--------+--------+--------+--------+--------+-----+--------+
         Total |   3396 |   3308 |     88 |    263 |   2578 |   3 | 1132.0 |
       Dungeon |   3396 |   3308 |     88 |    263 |   2578 |   3 | 1132.0 |
               +--------+--------+--------+--------+--------+-----+--------+

Top non-repeatable levels by time:
     D:2: 1480 daAuts
     D:1: 1297 daAuts
     D:3: 618 daAuts
